 Dungeon Crawl Stone Soup version 0.25.1-2-g60ff931df9 (webtiles) character file.

Game seed: 10453732673113104871

169 Kaiern the Magician (level 5, -2/28 HPs)
             Began as a Deep Elf Fire Elementalist on Aug 29, 2020.
             Killed from afar by Sigmund (9 damage)
             ... with a magic dart
             ... on level 4 of the Dungeon.
             The game lasted 00:14:44 (3792 turns).

Kaiern the Magician (Deep Elf Fire Elementalist)    Turns: 3792, Time: 00:14:45

Health: -2/28      AC:  5    Str: 11    XL:     5   Next: 25%
Magic:  12/14      EV: 12    Int: 21    God:
Gold:   195        SH:  0    Dex: 15    Spells: 12/13 levels left

rFire    . . .     SeeInvis .   j - +1 dagger
rCold    . . .     Gourm    .   (no shield)
rNeg     . . .     Faith    .   z - +0 leather armour
rPois    .         Spirit   .   (no helmet)
rElec    .         Reflect  .   (no cloak)
rCorr    .         Harm     .   w - +1 pair of gloves
MR       .....                  (no boots)
Stlth    ++........             q - amulet of the acrobat
HPRegen  0.09/turn              h - +6 ring of strength
MPRegen  0.14/turn              o - ring of wizardry

@: no status effects
A: no striking features
a: no special abilities


You were on level 4 of the Dungeon.
You were not hungry.

You visited 1 branch of the dungeon, and saw 4 of its levels.

You collected 195 gold pieces.

Inventory:

Hand Weapons
 j - a +1 dagger (weapon)
Armour
 a - a +0 robe
 w - a +1 pair of gloves (worn)
 z - a +0 leather armour (worn)
Jewellery
 h - a +6 ring of strength (left hand)
 o - a ring of wizardry (right hand)
 q - an amulet of the acrobat (around neck)
Scrolls
 e - 4 scrolls of remove curse
 f - 3 scrolls of identify
 i - a scroll of enchant weapon
 n - a scroll of amnesia
Potions
 g - a potion of invisibility {unknown}
 l - a potion of ambrosia {unknown}
 m - 3 potions of flight {unknown}
 p - a potion of lignification {unknown}
 u - a potion of cancellation {unknown}
 v - 2 potions of curing {unknown}
 x - a potion of stabbing {unknown}
Comestibles
 c - 11 rations
 s - 6 chunks of flesh


   Skills:
 - Level 2.5 Dodging
 - Level 2.5 Stealth
 + Level 4.9 Spellcasting
 + Level 3.0 Conjurations
 + Level 4.7 Fire Magic


You had 12 spell levels left.
You knew the following spells:

 Your Spells              Type           Power        Failure   Level  Hunger
a - Foxfire               Conj/Fire      ###.         1%          1    None

Your spell library contained the following spells:

 Spells                   Type           Power        Failure   Level  Hunger
 Conjure Flame            Conj/Fire      ###.....     3%          3    ##.....
 Animate Skeleton         Necr           N/A          6%          1    None
 Apportation              Tloc           #.....       6%          1    None
 Corona                   Hex            #......      6%          1    None
 Summon Small Mammal      Summ           #...         6%          1    None
 Inner Flame              Hex/Fire       ###.....     6%          3    ##.....
 Sticky Flame             Conj/Fire      ###.....     12%         4    ####...
 Fireball                 Conj/Fire      ###.......   32%         5    #####..


Dungeon Overview and Level Annotations

Branches:
Dungeon (4/15)
 Temple: D:4-7

Altars:
Nemelex Xobeh
Trog
Uskayaw
Wu Jian

Annotations:
D:3 exclusion: downstairs
D:4 Ijyb, Sigmund


Message History

Casting: Foxfire (safe; 1% risk of failure)
Confirm with . or Enter, or press ? or * to list all spells.
You conjure some foxfire!
The foxfire hits the giant cockroach.
The giant cockroach is almost dead.
Something hits you.
The foxfire hits the giant cockroach but does no damage.
The giant cockroach is almost dead.
Casting: Foxfire (safe; 1% risk of failure)
Confirm with . or Enter, or press ? or * to list all spells.
You conjure some foxfire!
Something hits you!
* * * LOW HITPOINT WARNING * * *
The foxfire hits something.
The foxfire hits the giant cockroach.
You kill the giant cockroach!
Something completely misses you.
You see here a giant cockroach corpse.
You butcher the giant cockroach corpse.
You hear some strange, mumbled words.
A magic dart appears from out of thin air!
The magic dart hits you!
You die...

.....####.#####.....## *,*,,,**,*
.....# #.###...._...# *,**,,,*,*
.....# #..##....8_..###.,**,+*,*
#...## ##.##...._.......,,***,,,
##### #.##........##.,,,,,,,8, #
#.##........#**,,,***,,, #
##'##........# *,,**,+*,*
#.......{....# *,**,,,*,*
#.......@....# *,*,,,**,* **
#............# *,*,,**,,, ,*
#.....####'### *,****,,,, ,*
#.....# #.# *,,,,,,,,, ,*
#.....#**#.#***********,* ,*
#.....#.,...,,,,,,,,,,,,,
,*******#####.#.##.##*****,,,,,,,
,,,,,,,* #.#.#...,,,,,+,,,,,,,
,,,,,,,**####...#..####***,,,,,,,


There were no monsters in sight!

Vanquished Creatures
  A worker ant (D:4)
  5 adders
  An ooze (D:1)
  A worm (D:4)
  2 dart slugs (D:2)
  2 leopard geckos
  8 orcs
  A ball python (D:1)
  7 bats
  4 giant cockroaches
  10 goblins
  8 hobgoblins
  5 jackals
  2 quokkas
  5 frilled lizards
  5 kobolds
  A quokka skeleton (D:4)
  5 rats (D:3)
73 creatures vanquished.

Vanquished Creatures (others)
  178 foxfires
178 creatures vanquished.

Grand Total: 251 creatures vanquished

Notes
Turn   | Place    | Note
-------+----------+-------------------------------------------
     0 | D:1      | Kaiern the Deep Elf Fire Elementalist began the quest for
                  | the Orb.
     0 | D:1      | Reached XP level 1. HP: 10/10 MP: 6/6
   253 | D:1      | Reached XP level 2. HP: 15/15 MP: 4/8
  1018 | D:2      | Reached XP level 3. HP: 19/19 MP: 6/10
  1359 | D:2      | Found a sparkling altar of Nemelex Xobeh.
  1640 | D:2      | Reached XP level 4. HP: 11/24 MP: 6/12
  3100 | D:3      | Found a faded altar of an unknown god.
  3451 | D:4      | Noticed Ijyb
  3528 | D:4      | Reached XP level 5. HP: 15/28 MP: 8/14
  3761 | D:4      | Found a hide-covered altar of Uskayaw.
  3761 | D:4      | Found a bloodstained altar of Trog.
  3761 | D:4      | Noticed Sigmund
  3762 | D:4      | Found an ornate altar of the Wu Jian Council.
  3792 | D:4      | Killed from afar by Sigmund

Illustrated notes

Levels and vault maps discovered:
D:1:      evilmike_arrival_plus, layout_basic
D:2:      layout_basic, nemelex_xobeh_ov_fountains_minmay, minmay_mini_jars
D:3:      layout_rooms, chequers_ecumenical_altar_simple, first_ration
D:4:      cheibrodos_barr_body, layout_basic,
          chequers_temple_overflow_statue_of_worship, minmay_misc_feat_tiny,
          uniq_sigmund, uniq_blork_the_orc, uniq_ijyb

Skill      XL: |  1  2  3  4 |
---------------+-------------+-----
Fire Magic     | 4 |  4.7
Conjurations   | 2 3 |  3.0
Spellcasting   | 4 |  4.9
Dodging        | |  2.5
Stealth        | |  2.5

Action                   |  1- 3 |  4- 6 || total
-------------------------+-------+-------++-------
Melee: Dagger            |     5 |     4 ||     9
 Cast: Foxfire           |    48 |    56 ||   104
  Use: Scroll            |       |    10 ||    10
 Stab: Sleeping          |     3 |       ||     3
  Eat: Chunk             |     2 |     3 ||     5
       Ration            |       |     1 ||     1
Armor: Robe              |     4 |       ||     4
       Leather armour    |       |     2 ||     2
Dodge: Dodged            |    16 |    22 ||    38
